 Dungeon Crawl Stone Soup version 0.30-b1-2-g02819fbbbe (webtiles) character file.

Game seed: 10775716876084533562

189 protoss039 the Digger (level 5, 37/37 HPs)
             Began as a Demonspawn Earth Elementalist on July 3, 2023.
             Got out of the dungeon alive.
             The game lasted 00:07:06 (2268 turns).

protoss039 the Digger (DsEE)                        Turns: 2268, Time: 00:07:07

Health: 37/37      AC:  8    Str:  3    XL:     5   Next: 40%
Magic:  8/8        EV: 11    Int: 19    God:
Gold:   170        SH:  0    Dex: 13    Spells: 3/9 levels left

rFire   + + +        g - +0 dagger
rCold   x . .        (no shield)
rNeg    . . .        n - +2 leather armour {rF+}
rPois   +            u - +0 helmet
rElec   .            c - +0 cloak
rCorr   .            (no gloves)
SInv    .            m - +0 pair of boots
Will    .....        (no amulet)
Stlth   ++           q - ring of the Enemy {Wiz rPois rF+++ rC- Str-5}
HPRegen 0.26/turn    (no ring)
MPRegen 0.11/turn

%: wizardry (x1)
@: no status effects
A: spiny 1, demonic touch 2
a: no special abilities


You escaped.
You visited 1 branch of the dungeon, and saw 3 of its levels.

You collected 170 gold pieces.

Inventory:

Hand Weapons
 g - a +0 dagger (weapon)
Armour
 c - a +0 cloak (worn)
 m - a +0 pair of boots (worn)
 n - a +2 leather armour of fire resistance (worn)
 u - a +0 helmet (worn)
Jewellery
 q - the ring of the Enemy (left hand) {Wiz rPois rF+++ rC- Str-5}
   (You found it on level 2 of the Dungeon)

   [ring of wizardry]

   It improves your spell success rate.
   Str:       It affects your strength (-5).
   rF:        It renders you almost immune to fire.
   rC:        It makes you vulnerable to cold.
   rPois:     It protects you from poison.
Wands
 v - a wand of flame (24)
Scrolls
 a - a scroll of torment {unknown}
 f - a scroll of identify
 h - a scroll of immolation {unknown}
 i - a scroll of fog {unknown}
 j - a scroll of brand weapon {unknown}
 l - a scroll of enchant armour {unknown}
 o - a scroll of amnesia {unknown}
 s - a scroll of vulnerability {unknown}
Potions
 b - a potion of berserk rage {unknown}
 d - 2 potions of brilliance
 e - 2 potions of haste
 k - a potion of curing {unknown}
 p - a potion of invisibility
 r - a potion of degeneration {unknown}
 t - a potion of ambrosia {unknown}


   Skills:
 * Level 1.5 Fighting
 + Level 0.7 Armour
 * Level 2.6 Dodging
 * Level 2.9 Stealth
 + Level 2.6 Spellcasting
 + Level 0.3 Conjurations
 + Level 1.8 Transmutations
 + Level 3.2 Earth Magic


You had 3 spell levels left.
You knew the following spells:

 Your Spells              Type           Power      Damage    Failure   Level
a - Sandblast             Erth           30%        2d9       3%          1
b - Passwall              Tmut/Erth      10%        N/A       6%          2
c - Stone Arrow           Conj/Erth      18%        3d8       17%         3

Your spell library contained the following spells:

 Spells                   Type           Power      Damage    Failure   Level
 Freeze                   Ice            8%         1d3       12%         1
 Hailstorm                Conj/Ice       3%         3d3       32%         3
 Frozen Ramparts          Ice            4%         1d1       34%         3
 Petrify                  Tmut/Erth      12%        N/A       38%         4


Dungeon Overview and Level Annotations

Branches:
Dungeon (3/15) Zot: 15676

Altars:

Annotations:
D:3 1 runed translucent door, doomedcactus's ghost, weakling DgEE


Innate Abilities, Weirdness & Mutations

You are partially covered in sharp spines.
Your touch may inflict irresistible damage on your foes.


Message History

Ijyb is struck by your spines. Ijyb hits you but does no damage.
Press: ? - help, v - describe, . - travel
Here: Ijyb, wielding a +0 dagger, wearing a +0 leather armour and carrying a wand of flame (24) (almost dead)
The floor.
Unknown command.
Casting: Sandblast (safe; 3% risk of failure)
Confirm with . or Enter, or press ? or * to list all spells.
Aiming: Sandblast (safe; 3% risk of failure)
Press: ? - help, Shift-Dir - straight line, f/p - Ijyb
Aim: Ijyb, wielding a +0 dagger, wearing a +0 leather armour and carrying a wand of flame (24) (almost dead, 77% to hit)
The blast of sand hits Ijyb.
You kill Ijyb!
Your magical contamination has completely faded away.
v - a wand of flame (24)
Things that are here:
a +0 dagger; a +0 leather armour; the goblin corpse of Ijyb Unknown command.
Things that are here:
a +0 dagger; a +0 leather armour; the goblin corpse of Ijyb
(D) Dungeon
Where to? (Enter - D:2 @ (x,y), ? - help)
What level of the Dungeon? (default 1, ? - help)
There is a stone staircase leading up here.
You climb upwards.
There is a stone staircase leading down here.
There is a stone staircase leading up here.
You climb upwards.
There is a stone staircase leading down here.
You see here a +0 short sword.
You see here a +0 dagger.
Items here: ))) [.
There is a stone staircase leading down, spattered with blood here.
You see here a +0 robe.
You see here a +0 club.
You enter the shallow water.
Moving in this stuff is going to be slow.
Magic restored.
There is a staircase leading out of the dungeon here.
Are you sure you want to leave the Dungeon?
This will make you lose the game!
You have escaped!

#...#.### #.#...#..#
#..##...########..###...#
##..####.#.#.#.##.#...#..#
###...##..#.#.#.#.#.##.##..#
###.....#..#.#.#.#.##..#.#...#
#...##.##...#.#.#.#.....#....#
..####.##..#.~≈≈≈≈.#...###..##
.## #.##...#~...≈#.....#...#
.#####.##..#.~..@≈.#...#.#..#
............#~...≈#...##.##.#
.......#...#.~≈≈≈≈.#..#...#.#
#...........#.#.#.#....###..#
...........#.#.#.#.#..#...#.#
............#.#.#.#.#.##.##.#
...........#.#.#.#.##..#.#..#
...................#...###..#
..................[.........#


There were no monsters in sight!

Vanquished Creatures
  Jessica (D:3)
  Ijyb (D:3)
  Terence (D:2)
  Robin (D:1)
  A gnoll (D:1)
  2 adders
  2 worms (D:2)
  3 dart slugs
  5 bats
  5 endoplasms
  2 giant cockroaches
  11 goblins
  10 hobgoblins
  2 jackals (D:2)
  2 ball pythons
  4 frilled lizards
  7 kobolds
  2 rats
62 creatures vanquished.

Notes
Turn   | Place    | Note
-------+----------+-------------------------------------------
     0 | D:1      | protoss039 the Demonspawn Earth Elementalist began the
                  | quest for the Orb.
     0 | D:1      | Reached XP level 1. HP: 13/13 MP: 3/3
    25 | D:1      | Reached skill level 1 in Transmutations
   238 | D:1      | Gained mutation: Your touch may inflict minor irresistible
                  | damage on your foes. [demonic ancestry]
   238 | D:1      | Reached XP level 2. HP: 16/19 MP: 3/5
   486 | D:1      | Found a faded altar of an unknown god.
   615 | D:1      | Learned a level 2 spell: Passwall
   621 | D:2      | Reached skill level 3 in Earth Magic
   621 | D:2      | Reached XP level 3. HP: 18/24 MP: 2/6
   855 | D:2      | Noticed Robin
   923 | D:2      | Noticed Terence
  1024 | D:2      | Identified the ring of the Enemy {Wiz rPois rF+++ rC-
                  | Str-5}
  1222 | D:1      | Killed Robin
  1223 | D:1      | Gained mutation: You are partially covered in sharp spines.
                  | [demonic ancestry]
  1223 | D:1      | Reached XP level 4. HP: 6/31 MP: 0/7
  1239 | D:1      | Learned a level 3 spell: Stone Arrow
  1362 | D:2      | Killed Terence
  1363 | D:2      | Reached skill level 1 in Fighting
  1824 | D:3      | Found a runed translucent door.
  1828 | D:3      | Noticed doomedcactus's ghost (weakling DgEE)
  2022 | D:3      | Noticed Jessica
  2025 | D:3      | Killed Jessica
  2026 | D:3      | Gained mutation: Your touch may inflict irresistible damage
                  | on your foes. [demonic ancestry]
  2026 | D:3      | Reached XP level 5. HP: 28/37 MP: 4/8
  2176 | D:3      | Noticed Ijyb
  2192 | D:3      | Killed Ijyb
  2268 | D:$      | Got out of the dungeon alive.

Illustrated notes

Levels and vault maps discovered:
D:1:      ncdulo_watergridlock, layout_rooms,
          ebering_ecumenical_altar_sacrificial, minmay_ruptured
D:2:      layout_rooms, lightli_corner_chamber, uniq_terence, uniq_robin
D:3:      layout_basic, nicolae_hepliaklqana_ecumenical_no_more,
          mainiacjoe_overflow_catwalk, ebering_ghost_sewer_d, uniq_grinder,
          uniq_ijyb, uniq_jessica

Skill      XL: |  1  2  3  4 |
---------------+-------------+-----
Transmutations | 1 |  1.8
Stealth        | 2 |  2.9
Dodging        | 2 |  2.6
Earth Magic    | 3 |  3.2
Fighting       | 1 |  1.5
Armour         | |  0.7
Spellcasting   | |  2.6
Conjurations   | |  0.3

Action                     |  1- 3 |  4- 6 || total
---------------------------+-------+-------++-------
  Melee: Unarmed           |    35 |       ||    35
         Dagger            |     9 |     4 ||    13
         Touch             |     1 |       ||     1
   Cast: Sandblast         |    51 |    46 ||    97
         Stone Arrow       |       |     2 ||     2
         Passwall          |       |     1 ||     1
    Use: Scroll            |       |     3 ||     3
         Potion            |       |     1 ||     1
   Stab: Sleeping          |     1 |       ||     1
         Distracted        |     1 |       ||     1
 Armour: Robe              |    38 |       ||    38
         Leather armour    |    24 |    10 ||    34
  Dodge: Dodged            |    84 |    13 ||    97
